 Dungeon Crawl Stone Soup version 0.27-a0-498-g7ecbb0a48f (webtiles) character file.

Game seed: 8555937283498549469

282 siradein the Chucker (level 6, 0/44 HPs)
             Began as a Demonspawn Brigand on Mar 2, 2021.
             Splashed by Ijyb's acid (13 damage)
             ... on level 3 of the Dungeon.
             The game lasted 00:13:06 (3833 turns).

siradein the Chucker (Demonspawn Brigand)           Turns: 3833, Time: 00:13:06

Health: 0/44       AC:  8    Str: 12    XL:     6   Next: 6%
Magic:  6/6        EV:  4    Int: 12    God:
Gold:   207        SH:  3    Dex: 16    Spells: 5/5 levels left

rFire    . . .     SeeInvis .   a - +2 dagger
rCold    . . .     Faith    .   j - +0 buckler
rNeg     . . .     Spirit   .   u - +0 chain mail
rPois    .         Reflect  .   f - +0 helmet
rElec    .         Harm     .   c - +0 cloak
rCorr    .         Rampage  .   (no gloves)
Will     .....                  (no boots)
Stlth    ..........             (no amulet)
HPRegen  0.14/turn              (no ring)
MPRegen  0.10/turn              (no ring)

@: corroded
A: yellow scales 1, demonic magic 1
a: no special abilities


You were on level 3 of the Dungeon.
You visited 1 branch of the dungeon, and saw 3 of its levels.
You also visited: Sewer.

You collected 207 gold pieces.

Inventory:

Hand Weapons
 a - a +2 dagger (weapon)
 w - a +0 hunting sling
Missiles
 d - 8 poisoned darts (quivered)
 e - 2 curare-tipped darts
 l - 69 stones
Armour
 c - a +0 cloak (worn)
 f - a +0 helmet (worn)
 j - a +0 buckler (worn)
 u - a +0 chain mail (worn)
Scrolls
 h - 2 scrolls of fog
 k - 4 scrolls of teleportation
 m - 3 scrolls of immolation
 n - a scroll of amnesia
 r - a scroll of blinking
 s - a scroll of noise {unknown}
 t - 2 scrolls of fear {unknown}
 y - a scroll of magic mapping
 A - a scroll of enchant weapon {unknown}
Potions
 b - a potion of resistance {unknown}
 g - a potion of heal wounds {unknown}
 i - a potion of invisibility {unknown}
 o - a potion of attraction {unknown}
 p - a potion of degeneration {unknown}
 q - a potion of magic {unknown}
 v - a potion of curing {unknown}
 x - a potion of might {unknown}
 z - a potion of brilliance {unknown}


   Skills:
 - Level 2.0 Fighting
 + Level 4.2 Short Blades
 + Level 4.3 Throwing
 - Level 0.8 Dodging
 - Level 3.6 Stealth


You had 5 spell levels left.
You didn't know any spells.
Your spell library was empty.

Dungeon Overview and Level Annotations

Branches:
Dungeon (3/15)              Sewer (visited)

Altars:

Annotations:
D:3 Ijyb


Innate Abilities, Weirdness & Mutations

You are partially covered in yellow scales. (AC +2)
Spells you cast may paralyse adjacent enemies.


Message History

The bat is severely wounded.
The bat hits you but does no damage. x2
You closely miss the bat.
The bat is severely wounded.
The bat hits you but does no damage. The bat hits you but does no damage. x2
You completely miss the bat.
The bat is severely wounded.
The bat completely misses you. The bat barely misses you.
You closely miss the bat.
The bat is severely wounded.
The bat hits you but does no damage.
You barely miss the bat.
The bat is severely wounded.
The bat hits you but does no damage. You block the bat's attack.
The bat hits you but does no damage.
You completely miss the bat.
The bat is severely wounded.
The bat barely misses you.
You hit the bat.
You kill the bat!
You see here a bat corpse.
A goblin comes into view.
A goblin is nearby!
The goblin hits you but does no damage.
You hit the goblin.
The goblin is severely wounded.
The goblin hits you but does no damage.
You hit the goblin.
You kill the goblin!
A - a scroll labelled LUUDOEHIEHA You now have 207 gold pieces (gained 12).
Ijyb the Twisted Goblin comes into view.
She is carrying a wand of acid (5).
Ijyb shouts!
Ijyb zaps a wand.
The bolt of acid hits you!
You are splashed with acid!
Ijyb zaps a wand.
The bolt of acid hits you.
* * * LOW HITPOINT WARNING * * *
The acid corrodes you!
You are splashed with acid!
You die...

*** *** ##,#*
*****<*****###.#.**
,,,,,,,,,,,,....#,*
*****,*******#...**
,** *** ###g###
*,******* #...@.#
**,,,,,,#####.....#
**,***,..........#
**,** *,.####.....#
*,*****,,* #.....##
,,,,,,,,,***###....###
,,,****,,,,..........#
,,*** *****######..#.#
,,,,* #..#.#


You could see Ijyb.

Vanquished Creatures
  Purgy (Sewer)
  Crazy Yiuf (D:2)
  3 gnolls (D:2)
  3 adders
  2 river rats (D:3)
  An ooze (D:1)
  2 worms (D:2)
  2 leopard geckos
  9 bats
  14 giant cockroaches
  5 goblins
  7 hobgoblins
  9 kobolds
  5 ball pythons
  8 frilled lizards
  10 rats
82 creatures vanquished.

Notes
Turn   | Place    | Note
-------+----------+-------------------------------------------
     0 | D:1      | siradein the Demonspawn Brigand began the quest for the
                  | Orb.
     0 | D:1      | Reached XP level 1. HP: 16/16 MP: 1/1
   181 | D:1      | Gained mutation: Spells you cast may paralyse adjacent
                  | enemies. [demonic ancestry]
   181 | D:1      | Reached XP level 2. HP: 22/22 MP: 2/2
   567 | D:1      | Reached XP level 3. HP: 21/27 MP: 3/3
  1656 | D:2      | Found a runed translucent door.
  1657 | D:2      | Noticed Crazy Yiuf
  1703 | D:2      | Gained mutation: You are partially covered in yellow
                  | scales. (AC +2) [demonic ancestry]
  1703 | D:2      | Reached XP level 4. HP: 33/33 MP: 4/4
  2552 | D:2      | Killed Crazy Yiuf
  2553 | D:2      | Reached XP level 5. HP: 22/38 MP: 5/5
  2942 | D:3      | Found a glowing drain.
  3190 | Sewer    | Entered a sewer
  3252 | Sewer    | Noticed Purgy
  3297 | Sewer    | Killed Purgy
  3298 | Sewer    | Reached XP level 6. HP: 17/44 MP: 6/6
  3831 | D:3      | Noticed Ijyb
  3833 | D:3      | Splashed by Ijyb's acid

Illustrated notes

Levels and vault maps discovered:
D:1:      dpeg_arrival_arbitrary_b, layout_rooms, chequers_serial_rivers_room_a,
          minmay_small_reverse_x
D:2:      minmay_roachtagon, layout_basic, serial_park_tiny_pond,
          minmay_misc_feat_encased, uniq_crazy_yiuf_cottage
D:3:      minmay_evil_eye, layout_loops_ring, portal_sewer_entry_b, uniq_ijyb,
          uniq_natasha

Skill      XL: |  1  2  3  4  5 |
---------------+----------------+-----
Short Blades   | 2 3 4 |  4.2
Throwing       | 2 3 4 |  4.3
Fighting       | |  2.0
Dodging        | |  0.8
Stealth        | |  3.6

Action                   |  1- 3 |  4- 6 || total
-------------------------+-------+-------++-------
Melee: Dagger            |   121 |   236 ||   357
 Fire: Hunting sling     |       |    11 ||    11
Throw: Dart              |       |     8 ||     8
  Use: Scroll            |       |     6 ||     6
 Stab: Sleeping          |     6 |       ||     6
Armor: Robe              |    31 |    21 ||    52
       Chain mail        |       |   163 ||   163
Dodge: Dodged            |    82 |    74 ||   156
Block: Buckler           |       |    37 ||    37

Table legend: (Time is in decaauts)
 A = Elapsed time spent in this place.
 B = Non-inter-level travel time spent in this place.
 C = Inter-level travel time spent in this place.
 D = Time resting spent in this place.
 E = Time spent auto-exploring this place.
 F = Levels seen in this place.
 G = Mean time per level.
                   A        B        C        D        E       F      G
               +--------+--------+--------+--------+--------+-----+--------+
         Total |   3830 |   3793 |     37 |    168 |   2660 |   4 |  957.5 |
       Dungeon |   3351 |   3314 |     37 |    168 |   2314 |   3 | 1117.0 |
         Sewer |    478 |    478 |      0 |      0 |    346 |   1 |  478.0 |
               +--------+--------+--------+--------+--------+-----+--------+

Top non-repeatable levels by time:
     D:2: 1669 daAuts
     D:1: 1189 daAuts
     D:3: 492 daAuts
   Sewer: 478 daAuts
